 Dungeon Crawl Stone Soup version 0.20.1-1-g8b1a95d (webtiles) character file.

382 Folque the Magician (level 6, -1/42 HPs)
             Began as an Octopode Wizard on Nov 5, 2017.
             Slain by a wraith (12 damage)
             ... in an ossuary.
             The game lasted 00:22:20 (4018 turns).

Folque the Magician (Octopode Wizard)               Turns: 4018, Time: 00:22:21

Health: -1/42      AC:  2    Str:  6    XL:     6   Next: 76%
Magic:  2/12       EV: 13    Int: 23    God:
Gold:   146        SH:  0    Dex: 10    Spells: 5/13 levels left

rFire    . . .     SeeInvis .   l - +0 spear
rCold    . . .     Gourm    .   (no shield)
rNeg     . . .     Faith    .   w - +1 hat
rPois    .         Spirit   .   (no amulet)
rElec    .         Reflect  .   r - ring of resist corrosion
rCorr    +         Harm     .   (no ring)
MR       .....                  (no ring)
Stlth    +++.......             (no ring)
Regen    0.2/turn               (no ring)
MPRegen  0.2/turn               (no ring)
                                (no ring)
                                (no ring)

@: slowed, very slow
A: almost no armour, stealthy swim, amphibious, 8 rings, constrict 8, camouflage
1, gelatinous body 1
a: no special abilities


You were in an ossuary.
You were not hungry.

You visited 1 branch of the dungeon, and saw 5 of its levels.
You also visited: Ossuary.

You collected 146 gold pieces.

Inventory:

Hand Weapons
 e - a +0 dagger
 l - a +0 spear (weapon)
Armour
 a - a +0 hat
 w - a +1 hat (worn)
Magical Staves
 y - an uncursed staff of summoning
Jewellery
 r - a ring of resist corrosion (left tentacle)
 F - an uncursed ring of ice {unknown}
Scrolls
 m - a scroll of fear {unknown}
 n - 2 scrolls of magic mapping {unknown}
 p - a scroll of blinking {unknown}
 s - a scroll of enchant weapon {unknown}
 u - a scroll of random uselessness {unknown}
 v - a scroll of recharging {unknown}
 z - a scroll of amnesia {unknown}
 A - 3 scrolls of identify
 C - a scroll of teleportation {unknown}
 D - a scroll of fog
 G - a scroll of remove curse {unknown}
Potions
 d - a potion of flight {unknown}
 g - a potion of berserk rage {unknown}
 i - a potion of curing {unknown}
 j - 3 potions of heal wounds {unknown}
 k - a potion of brilliance {unknown}
 o - a potion of degeneration {unknown}
 q - a potion of ambrosia {unknown}
 t - a potion of agility {unknown}
 B - a potion of lignification {unknown}
 E - a potion of might {unknown}
Books
 b - a book of Minor Magic

   Spells                             Type                      Level
   a - Magic Dart                     Conjuration                  1
   b - Blink                          Translocation                2
   c - Call Imp                       Summoning                    2
   d - Slow                           Hexes                        2
   e - Conjure Flame                  Conjuration/Fire             3
   f - Mephitic Cloud                 Conjuration/Poison/Air       3
Comestibles
 c - 4 bread rations
 f - 2 fruits
 h - 2 meat rations


   Skills:
 - Level 3.0 Fighting
 - Level 2.0 Dodging
 - Level 2.6 Stealth
 + Level 4.4 Spellcasting
 * Level 3.1 Conjurations
 - Level 1.0 Summonings
 - Level 1.0 Translocations
 - Level 3.6 Poison Magic


You had 5 spell levels left.
You knew the following spells:

 Your Spells              Type           Power        Failure   Level  Hunger
a - Magic Dart            Conj           ###.         2%          1    None
b - Call Imp              Summ           #.......     10%         2    None
c - Blink                 Tloc           N/A          10%         2    None
d - Mephitic Cloud        Conj/Pois/Air  ###.....     12%         3    ##.....


Dungeon Overview and Level Annotations

Branches:
Dungeon (5/15)
 Temple: D:4-7

Altars:
Ashenzari
Dithmenos
Qazlal
Xom
Zin


Innate Abilities, Weirdness & Mutations

You cannot wear most types of armour.
You are very stealthy in the water. (Stealth+)
You are amphibious.
You can wear up to eight rings at the same time.
You can use your tentacles to constrict eight enemies at once.
Your skin changes colour to match your surroundings (Stealth+).
Your rubbery body absorbs attacks. (AC +1, EV +1)


Message History

The wraith hits your white imp but does no damage.
Your white imp barely misses the wraith.
Your crimson imp hits the wraith.
An arrow shoots out and misses you.
The wraith closely misses something.
Your crimson imp barely misses the wraith.
The wraith hits something.
There is an arrow trap here.
Something closely misses your crimson imp.
Your crimson imp closely misses the wraith.
Something barely misses your crimson imp.
Your crimson imp hits the wraith but does no damage.
Your crimson imp disappears in a puff of smoke!
Casting: Blink
Confirm with . or Enter, or press ? or * to list all spells.
A shadowy apparition takes form in the air.
You swap places.
Your shadow imp hits the wraith but does no damage.
Your shadow imp barely misses the wraith.
The wraith hits you!
You die...

####################
.........^.........
........^..... ....
#..###..###..# #..## ...#
#..#.#..# #... .
#..#+#..#'#..#+#..####..#
...#.#..#.#..#.#........#
................@.......# ###
#^......###.....W.####..# #W#
....8...#.#...8.5..+ #..# ###
#.......#'#.......####..# ##.##
..^....^#.#.............###...##
........................##.....##
#..####.....####..####..'...∩...#
...# +...8...+ #...+ #..'.......#
#..####.....####..####..'...∩...#


You could see a wraith and a friendly shadow imp.

Vanquished Creatures
  An ogre (D:4)
  A human zombie (Ossuary)
  A hound (D:4)
  An iguana (D:4)
  Terence (D:3)
  2 worker ants
  An adder (D:2)
  A worm (D:3)
  A dart slug (D:1)
  2 leopard geckos (D:4)
  6 orcs
  2 giant cockroaches
  6 goblins
  7 hobgoblins
  7 jackals
  5 kobolds
  A quokka (D:2)
  3 ball pythons
  9 bats
  A frilled lizard (D:1)
  3 goblin zombies (Ossuary)
  A hobgoblin zombie (Ossuary)
  2 kobold zombies (Ossuary)
  A quokka skeleton (D:4)
  14 rats
80 creatures vanquished.

Vanquished Creatures (collateral kills)
  A worker ant (D:4)
  2 mummies
  An adder (D:1)
  2 worms (D:3)
  2 dart slugs (D:4)
  2 orcs (D:3)
  2 goblins
  2 hobgoblins
  5 jackals
  2 quokkas (D:3)
  A ball python (D:3)
  A frilled lizard (D:2)
  2 kobolds
  A rat (D:3)
26 creatures vanquished.

Grand Total: 106 creatures vanquished

Notes
Turn   | Place    | Note
-------+----------+-------------------------------------------
     0 | D:1      | Folque the Octopode Wizard began the quest for the Orb.
     0 | D:1      | Reached XP level 1. HP: 11/11 MP: 4/4
    78 | D:1      | Reached skill level 1 in Fighting
    86 | D:1      | Reached XP level 2. HP: 9/18 MP: 0/6
   145 | D:1      | Learned a level 2 spell: Call Imp
   148 | D:1      | Learned a level 2 spell: Blink
   563 | D:1      | Reached XP level 3. HP: 22/24 MP: 7/7
   894 | D:1      | Learned a level 3 spell: Mephitic Cloud
  1470 | D:2      | Reached XP level 4. HP: 15/30 MP: 1/9
  1857 | D:3      | Found a shadowy altar of Dithmenos.
  1878 | D:3      | Reached skill level 1 in Poison Magic
  1930 | D:3      | Found a shattered altar of Ashenzari.
  2038 | D:3      | Found a shimmering altar of Xom.
  2130 | D:3      | Found a glowing silver altar of Zin.
  2130 | D:3      | Noticed an angel
  2154 | D:3      | Noticed Terence
  2682 | D:3      | Killed Terence
  2682 | D:3      | Reached XP level 5. HP: 27/36 MP: 1/10
  2779 | D:4      | Found a stormy altar of Qazlal.
  3166 | D:4      | Noticed an ogre
  3223 | D:4      | Killed an ogre
  3223 | D:4      | Reached skill level 4 in Spellcasting
  3223 | D:4      | Reached XP level 6. HP: 13/42 MP: 1/12
  3616 | D:5      | Entered Level 5 of the Dungeon
  3661 | D:5      | Found a sand-covered staircase.
  3692 | Ossuary  | Entered an ossuary
  3692 | Ossuary  | Noticed a wraith
  3692 | Ossuary  | Noticed a wraith
  3692 | Ossuary  | Noticed a wraith
  3975 | Ossuary  | Noticed a wraith
  4018 | Ossuary  | Slain by a wraith

Skill      XL: |  1  2  3  4  5  6 |
---------------+-------------------+-----
Fighting       | 1 2 3 |  3.0
Poison Magic   | 2 3 |  3.6
Spellcasting   | 4 |  4.4
Conjurations   | 2 3 |  3.1
Dodging        | |  2.0
Stealth        | |  2.6
Summonings     | |  1.0
Translocations | |  1.0

Action                   |  1- 3 |  4- 6 || total
-------------------------+-------+-------++-------
Melee: Dagger            |    55 |       ||    55
       Constrict         |    26 |    32 ||    58
       Tentacles         |    14 |    13 ||    27
       Spear             |    46 |   174 ||   220
 Cast: Magic Dart        |    11 |     5 ||    16
       Call Imp          |     8 |    28 ||    36
       Blink             |     2 |     5 ||     7
       Mephitic Cloud    |       |    15 ||    15
  Use: Scroll            |     1 |     3 ||     4
 Stab: Sleeping          |     5 |    10 ||    15
       Confused          |       |    11 ||    11
       Distracted        |       |     2 ||     2
  Eat: Chunk             |     2 |    10 ||    12
Armor: Skin              |     5 |    16 ||    21
Dodge: Dodged            |    68 |    77 ||   145
